 Dungeon Crawl Stone Soup version 0.25-a0-591-g2ad0d86 (webtiles) character file.

Game seed: 5466278067567373596, levelgen mode: deterministic

158 MrTaco21 the Cudgeler (level 5, 0/32 HPs)
             Began as a Gargoyle Fighter on Mar 14, 2020.
             Killed from afar by an orc wizard (3 damage)
             ... with a puff of flame
             ... on level 3 of the Dungeon.
             The game lasted 00:05:07 (2623 turns).

MrTaco21 the Cudgeler (Gargoyle Fighter)            Turns: 2623, Time: 00:05:07

Health: 0/32       AC: 17    Str: 21    XL:     5   Next: 39%
Magic:  14/14      EV:  3    Int:  8    God:
Gold:   142        SH:  0    Dex:  9    Spells: 4/4 levels left

rFire    + . .     SeeInvis .   b - +1 spear (flame)
rCold    x . .     Gourm    .   c - +0 kite shield
rNeg     + . .     Faith    .   w - +0 plate armour
rPois    ∞         Spirit   .   v - +0 helmet
rElec    +         Reflect  .   s - scarf {cloud immunity}
rCorr    .         Harm     .   (no gloves)
MR       .....                  o - +0 pair of boots
Stlth    ..........             (no amulet)
HPRegen  0.10/turn              i - ring of fire
MPRegen  0.14/turn              r - ring of magical power

@: confused
A: negative energy resistance 1, electricity resistance, unbreathing,
petrification resistance, rot immunity, AC +4
a: no special abilities


You were on level 3 of the Dungeon.
You were not hungry.

You visited 1 branch of the dungeon, and saw 3 of its levels.

You collected 142 gold pieces.

Inventory:

Hand Weapons
 a - a +0 flail
 b - a +1 spear of flaming (weapon)
   (You took it off Robin on level 2 of the Dungeon)
Armour
 c - a +0 kite shield (worn)
 o - a +0 pair of boots (worn)
   (You found it on level 2 of the Dungeon)
 s - a scarf of cloud immunity (worn)
   (You found it on level 2 of the Dungeon)
 v - a +0 helmet (worn)
   (You took it off Robin on level 2 of the Dungeon)
 w - a +0 plate armour (worn)
   (You found it on level 2 of the Dungeon)
Jewellery
 i - a ring of fire (left hand)
   (You found it on level 1 of the Dungeon)
 r - a ring of magical power (right hand)
   (You found it on level 2 of the Dungeon)
Scrolls
 f - a scroll of amnesia {unknown}
 h - 3 scrolls of identify {unknown}
 j - 2 scrolls of remove curse {unknown}
 l - a scroll of noise {unknown}
 m - 3 scrolls of enchant weapon {unknown}
 p - 2 scrolls of blinking {unknown}
 t - a scroll of fear {unknown}
Potions
 d - a potion of might
 g - a potion of experience {unknown}
 k - 2 potions of stabbing {unknown}
 n - a potion of lignification {unknown}
 q - 2 potions of haste {unknown}
 u - 3 potions of curing {unknown}
Comestibles
 e - 6 rations {!d}
 x - 3 chunks of flesh


   Skills:
 - Level 3.2 Fighting
 + Level 5.4 Maces & Flails
 - Level 3.2 Armour
 - Level 3.2 Shields


You had 4 spell levels left.
You didn't know any spells.
Your spell library was empty.

Dungeon Overview and Level Annotations

Branches:
Dungeon (3/15)

Altars:
Kikubaaqudgha

Annotations:
D:3 3 runed translucent doors, WhatGod's ghost, amateur DgFi


Innate Abilities, Weirdness & Mutations

You are resistant to torment.
Your stone body is resilient. (AC +4)
You are immune to poison.
You resist negative energy. (rN+)
You are resistant to electric shocks. (rElec)
You can survive without breathing.
You are immune to petrification.
You are immune to rotting.


Message History

You are too injured to fight recklessly!
Unknown command.
You are too injured to fight recklessly!
Unknown command.
You are too injured to fight recklessly!
Unknown command.
You closely miss the orc priest.
The orc priest mumbles some strange prayers to Beogh against you.
You are unaffected.
Something hits you but does no damage. The orc hits you but does no damage.
You hit something. You burn something.
The orc priest hits you but does no damage.
Something hits you but does no damage. The orc completely misses you.
Something hits you but does no damage.
You miss something.
The orc priest hits you but does no damage.
The orc hits you but does no damage.
You hear some strange, mumbled words.
A magic dart appears from out of thin air!
The magic dart hits you!
* * * LOW HITPOINT WARNING * * *
You bump into the rock wall.
The orc priest hits you but does no damage.
The orc hits you with a +0 flail of protection.
* * * LOW HITPOINT WARNING * * *
You hear some strange, mumbled words.
A puff of flame appears from out of thin air!
The puff of flame hits you. You resist.
* * * LOW HITPOINT WARNING * * *
Something hits you but does no damage.
You feel less confused.
Unknown command.
The orc priest invokes the aid of Beogh against you.
Something writhes in agony.
A puff of flame appears from out of thin air!
The puff of flame hits you. You resist.
* * * LOW HITPOINT WARNING * * *
An orc wizard appears from thin air!
Reactivating autopickup.
The orc wizard casts a spell at you.
You are confused.
You're too confused to move!
The orc wizard casts a spell at you.
You are more confused.
Some of the chunks of flesh in your inventory have rotted away.
The orc wizard casts a spell at you. The puff of flame hits you. You resist.
You die...

#.#÷#.######.##.......
#.#.#.# #.########.
####.#)#.## ...
#....)....# ..
#.........# #.........#
#.........#
#.........## ###
#.......@..## #..
#.......###o## # #.#
#......## ##.## #.##.##
#......# #oo# #..$...
##.##..##
##..########)#
#.####.###.#....oo.o.)#
#.####....#############
#......#### ########


You could see an orc wizard.

Vanquished Creatures
  Robin (D:2)
  4 adders
  2 oozes
  2 worms (D:2)
  3 dart slugs
  A leopard gecko (D:3)
  3 orcs (D:3)
  A ball python (D:2)
  A giant cockroach (D:2)
  18 goblins
  9 hobgoblins
  2 jackals (D:3)
  2 quokkas (D:2)
  9 bats
  5 frilled lizards
  15 kobolds
  7 rats
85 creatures vanquished.

Notes
Turn   | Place    | Note
-------+----------+-------------------------------------------
     0 | D:1      | MrTaco21 the Gargoyle Fighter began the quest for the Orb.
     0 | D:1      | Reached XP level 1. HP: 14/14 MP: 1/1
   106 | D:1      | Reached XP level 2. HP: 19/19 MP: 2/2
   169 | D:1      | Reached skill level 3 in Maces & Flails
   289 | D:1      | Reached XP level 3. HP: 23/23 MP: 3/3
   808 | D:2      | Reached skill level 4 in Maces & Flails
   811 | D:2      | Reached XP level 4. HP: 15/28 MP: 4/4
  1477 | D:2      | Noticed Robin
  1527 | D:2      | Killed Robin
  1856 | D:2      | Found an ancient bone altar of Kikubaaqudgha.
  2203 | D:3      | Reached skill level 5 in Maces & Flails
  2227 | D:3      | Reached XP level 5. HP: 32/32 MP: 5/5
  2346 | D:3      | Found a runed translucent gate.
  2346 | D:3      | Found a runed translucent gate.
  2346 | D:3      | Found a runed translucent gate.
  2349 | D:3      | Noticed WhatGod's ghost (amateur DgFi)
  2623 | D:3      | Killed from afar by an orc wizard

Levels and vault maps discovered:
D:1:      dpeg_arrival_oval, layout_basic, minmay_quantized
D:2:      minmay_spotlight, layout_rooms, marbit_many_paths, first_ration,
          uniq_robin
D:3:      layout_loops_cross, gammafunk_ghost_split

Skill      XL: |  1  2  3  4 |
---------------+-------------+-----
Maces & Flails | 3 4 5 |  5.4
Fighting       | |  3.2
Armour         | |  3.2
Shields        | |  3.2

Action                   |  1- 3 |  4- 6 || total
-------------------------+-------+-------++-------
Melee: Flail             |   137 |   118 ||   255
       Spear             |       |   106 ||   106
  Eat: Chunk             |       |     6 ||     6
Armor: Scale mail        |    86 |    95 ||   181
       Plate armour      |       |    74 ||    74
Dodge: Dodged            |    61 |    74 ||   135
Block: Kite shield       |   103 |   148 ||   251

Table legend:
 A = Non-vault XP
 B = Vault XP
 C = Vault XP percentage of total XP
 D = Non-vault monster count
 E = Vault monster count
 F = Vault count percentage of total count
                 A         B        C        D         E       F
            +---------+---------+-------+---------+---------+-------
      Total |     153 |      73 |  32.3 |      64 |      21 |  24.7
            +---------+---------+-------+---------+---------+-------
        D:1 |      42 |       8 |  16.0 |      23 |       3 |  11.5
        D:2 |      41 |      65 |  61.3 |      18 |      18 |  50.0
        D:3 |      70 |       0 |   0.0 |      23 |       0 |   0.0
            +---------+---------+-------+---------+---------+-------
